AoeStats
← Focanegra11

Arabia

505955580Analyzed
1v1 RM · 21d ago on Sep 11, 2026· 21m 54s· 2 players
Game mode
Random Map
Map size
Tiny (2 player)
Population
200
Speed
Normal
Resources
Standard
Victory
Conquest
Starting age
Dark Age
Ending age
Imperial Age
RankedLock teamsTeams togetherTeam positionsShared explorationLock speedFull tech treeHidden civsTurbo modeCheats
Victory
Defeat
🇦🇷 Franks · Argentina
1207
+15
🇺🇾 Saracens · Uruguay
1178
-15
Focanegra11
6:45 Loom
10:26 Feudal Age
11:12 Horse Collar
11:24 Double-Bit Axe
XEVER | Masa!
6:24 Loom
9:16 Feudal Age
10:59 Double-Bit Axe
15:37 Scale Barding Armor
21:40 Castle Age
19:59 Gold Mining
21:37 Wheelbarrow
22:40 Chain Barding Armor
22:22 Husbandry
Connection lost

Rejoining the realm…

Still unreachable

The connection could not be restored.

Session expired

The server has moved on; the page needs a fresh start.